 Dungeon Crawl Stone Soup version 0.25-a0-1036-g6f112fb28d (webtiles) character file.

Game seed: 7873516886969499049, levelgen mode: deterministic

328 DerDa the Sneak (level 6, 0/36 HPs)
             Began as an Octopode Wizard on May 13, 2020.
             Slain by a hound (3 damage)
             ... on level 4 of the Dungeon.
             The game lasted 00:10:29 (4356 turns).

DerDa the Sneak (Octopode Wizard)                   Turns: 4356, Time: 00:10:30

Health: 0/36       AC:  1    Str:  6    XL:     6   Next: 50%
Magic:  1/12       EV: 13    Int: 22    God:
Gold:   205        SH:  0    Dex: 11    Spells: 4/13 levels left

rFire    . . .     SeeInvis .   w - +3 short sword
rCold    . . .     Gourm    .   (no shield)
rNeg     . . .     Faith    .   a - +0 hat
rPois    .         Spirit   .   (no amulet)
rElec    .         Reflect  .   (no ring)
rCorr    .         Harm     .   (no ring)
MR       .....                  (no ring)
Stlth    ++++......             (no ring)
HPRegen  0.12/turn              (no ring)
MPRegen  0.13/turn              (no ring)
                                (no ring)
                                (no ring)

@: no status effects
A: almost no armour, stealthy swim, amphibious, 8 rings, constrict 8, camouflage
1, gelatinous body 1
a: no special abilities


You were on level 4 of the Dungeon.
You were not hungry.

You visited 1 branch of the dungeon, and saw 4 of its levels.

You collected 205 gold pieces.

Inventory:

Hand Weapons
 w - a +3 short sword (weapon)
Missiles
 d - 134 stones
 j - 26 bolts
 m - 32 sling bullets
 q - 3 datura-tipped darts
 r - 9 poisoned darts (quivered)
Armour
 a - a +0 hat (worn)
Scrolls
 b - 2 scrolls of amnesia {unknown}
 e - a scroll of magic mapping {unknown}
 f - a scroll of immolation {unknown}
 n - 3 scrolls of fear {unknown}
 o - 2 scrolls of remove curse {unknown}
 s - a scroll of fog {unknown}
 t - a scroll of identify {unknown}
Potions
 g - 2 potions of haste {unknown}
 h - 3 potions of flight {unknown}
 k - 3 potions of curing
 l - a potion of cancellation {unknown}
 p - a potion of magic {unknown}
 u - a potion of mutation {unknown}
 v - a potion of lignification {unknown}
Comestibles
 c - 5 rations


   Skills:
 - Level 2.0 Dodging
 + Level 4.5 Stealth
 * Level 4.4 Spellcasting
 * Level 3.5 Conjurations
   Level 1.0 Summonings
 - Level 1.0 Translocations
 + Level 1.6 Air Magic
 + Level 2.1 Poison Magic


You had 4 spell levels left.
You knew the following spells:

 Your Spells              Type           Power        Failure   Level  Hunger
a - Magic Dart            Conj           ###.         2%          1    None
b - Mephitic Cloud        Conj/Pois/Air  ###.....     12%         3    ##.....
c - Conjure Flame         Conj/Fire      ##......     16%         3    ##.....
q - Blink                 Tloc           N/A          11%         2    #......

Your spell library contained the following spells:

 Spells                   Type           Power        Failure   Level  Hunger
 Call Imp                 Summ           #.......     11%         2    #......
 Slow                     Hex            #.......     16%         2    #......


Dungeon Overview and Level Annotations

Branches:
Dungeon (4/15)
 Temple: D:4-7

Altars:


Innate Abilities, Weirdness & Mutations

You cannot wear most types of armour.
You are very stealthy in the water. (Stealth+)
You are amphibious.
You can wear up to eight rings at the same time.
You can use your tentacles to constrict eight enemies at once.
Your skin changes colour to match your surroundings (Stealth+).
Your rubbery body absorbs attacks. (AC +1, EV +1)


Message History

Press: ? - help, Shift-Dir - straight line, f/p - hound
Aim: a hound (almost dead, constricted by you)
The magic dart hits the hound.
The hound is almost dead.
The orc shouts!
You constrict the hound, but do no damage.
You hear a shout!
The hound bites you. The scorpion stings you!
* * * LOW HITPOINT WARNING * * *
You are lethally poisoned!
The scorpion poisons you!
It was a potion of curing.
You feel better.
You constrict the hound. The hound barely misses you.
The scorpion barely misses you. The hound bites you.
You release your grip on the hound.
The orc wizard gestures at you while chanting.
The magic dart hits you!
* * * LOW HITPOINT WARNING * * *
The hound bites you.
You die...

.#.#.#. .#
.......#.##
#.[....#
#.#o#######
#.#.##....#
#†..##.##.#
#o..##.##.#
#..hs..##.#
####@.####.#
####......###.#
..............#
####.....######.#
##...........#
#.##.######## #.
#.# .. #.# ...
#.#


You could see a scorpion, a hound, an orc wizard (fast) and an orc.

Vanquished Creatures
  A big kobold (D:3)
  A bullfrog (D:4)
  An orc priest (D:2)
  Terence (D:2)
  4 adders
  2 worms (D:2)
  2 dart slugs
  2 leopard geckos
  13 orcs
  2 ball pythons (D:3)
  3 giant cockroaches
  6 goblins
  5 hobgoblins
  12 jackals
  3 bats
  13 frilled lizards
  4 kobolds
  13 rats
88 creatures vanquished.

Notes
Turn   | Place    | Note
-------+----------+-------------------------------------------
     0 | D:1      | DerDa the Octopode Wizard began the quest for the Orb.
     0 | D:1      | Reached XP level 1. HP: 11/11 MP: 4/4
   243 | D:1      | You fall into a shaft and drop 1 floor!
   301 | D:2      | Noticed an orc priest
   433 | D:2      | Reached XP level 2. HP: 9/17 MP: 0/6
   607 | D:2      | Noticed Terence
   776 | D:1      | Reached XP level 3. HP: 21/21 MP: 5/7
  1118 | D:1      | Learned a level 3 spell: Mephitic Cloud
  1122 | D:1      | Learned a level 3 spell: Conjure Flame
  1661 | D:2      | Reached XP level 4. HP: 27/27 MP: 4/9
  1746 | D:2      | Learned a level 2 spell: Blink
  2556 | D:2      | Reached skill level 1 in Poison Magic
  2717 | D:2      | Killed Terence
  2717 | D:2      | Reached XP level 5. HP: 20/31 MP: 5/10
  3011 | D:3      | Reached skill level 1 in Air Magic
  3694 | D:3      | Noticed a big kobold
  3723 | D:3      | Killed a big kobold
  3723 | D:3      | Reached XP level 6. HP: 13/36 MP: 9/12
  4356 | D:4      | Slain by a hound

Illustrated notes

Levels and vault maps discovered:
D:1:      eino_arrival_water_cross, layout_loops_ring, minmay_lizard_pond
D:2:      cheibrodos_pilgrimage, layout_basic, uniq_terence
D:3:      layout_loops_ring, first_ration
D:4:      layout_basic, st_stairs_4, nicolae_ru_awakened_eye, uniq_blork_the_orc

Skill      XL: |  1  2  3  4  5  6 |
---------------+-------------------+-----
Stealth        | 3 4 |  4.5
Conjurations   | 2 3 |  3.5
Poison Magic   | 1 2 |  2.1
Air Magic      | 1 |  1.6
Spellcasting   | 4 |  4.4
Dodging        | |  2.0
Summonings     | |  1.0
Translocations | |  1.0

Action                   |  1- 3 |  4- 6 || total
-------------------------+-------+-------++-------
Melee: Hand axe          |     7 |       ||     7
       Constrict         |     3 |    11 ||    14
       Short sword       |     9 |    38 ||    47
       Tentacles         |     1 |     4 ||     5
Throw: Dart              |       |    24 ||    24
 Cast: Magic Dart        |    68 |   131 ||   199
  Use: Potion            |       |     1 ||     1
 Stab: Sleeping          |       |     1 ||     1
  Eat: Chunk             |     2 |     8 ||    10
Armor: Skin              |     3 |     4 ||     7
Dodge: Dodged            |    13 |    45 ||    58

Table legend:
 A = Non-vault XP
 B = Vault XP
 C = Vault XP percentage of total XP
 D = Non-vault monster count
 E = Vault monster count
 F = Vault count percentage of total count
                 A         B        C        D         E       F
            +---------+---------+-------+---------+---------+-------
      Total |     360 |     109 |  23.2 |      74 |      14 |  15.9
            +---------+---------+-------+---------+---------+-------
        D:1 |      16 |       7 |  30.4 |      11 |       7 |  38.9
        D:2 |      69 |      89 |  56.3 |      22 |       6 |  21.4
        D:3 |     186 |       0 |   0.0 |      39 |       0 |   0.0
        D:4 |      89 |      13 |  12.7 |       2 |       1 |  33.3
            +---------+---------+-------+---------+---------+-------
